Map: Tours du crépuscule

Players

JøKeR

  • Race: Zerg Zerg
  • League: Diamond

zuka - Winner!

  • Race: Protoss Protoss
  • League: Master

VOD

Have the link to the VOD?

Description

Time

  • Played on: Feb. 7, 2016, 3:37 p.m.
  • Length: 14:09
Show
View Real Time Build Order
Export as new Build Order

JøKeR Zerg 

Build Orders: Pool First 

Get SALT Encoding   

  12  0:18  Spawning Pool  
  11  0:22  Drone  
  11  0:27  Drone  
  13  0:46  Drone  
  13  0:47  Overlord  
  14  1:06  Zergling x2  
  14  1:07  Zergling x2  
  16  1:14  Zergling x2  
  17  1:25  Zergling x2  
  18  1:37  Drone  
  19  1:41  Hatchery  
  19  1:44  Drone  
  19  1:51  Drone  
  20  2:02  Hatchery  
  19  2:10  Drone  
  20  2:20  Drone  
  21  2:22  Queen  
  21  2:23  Extractor  
  21  2:24  Overlord  
  22  2:46  Drone x2  
  24  2:55  Drone  
  24  2:57  Queen  
  27  3:05  Drone  
  28  3:11  Drone x2  
  30  3:24  Roach Warren  
  30  3:25  Lair  
  29  3:31  Spore Crawler  
  29  3:34  Drone x2, Spore Crawler  
  29  3:43  Drone x2  
  31  3:54  Overlord  
  31  3:55  Overlord  
  31  3:59  Overlord  
  31  4:12  Drone x2, Extractor  
  31  4:13  Drone, Extractor  
  31  4:15  Drone  
  31  4:16  Drone  
  34  4:34  Metabolic Boost  
  34  4:37  Glial Reconstitution  
  34  4:41  Drone  
  34  4:42  Drone x4  
  39  5:06  Queen  
  41  5:07  Overlord x3  
  41  5:11  Drone x2  
  43  5:14  Drone  
  43  5:16  Drone  
  43  5:28  Drone x5  
  48  5:47  Overlord  
  48  5:49  Roach  
  50  5:50  Roach x5  
  50  5:56  Roach x2  
  64  6:08  Roach x4  
  64  6:09  Roach  
  74  6:25  Roach x5  
  80  6:26  Roach  
  76  6:40  Roach  
  76  6:41  Roach x2  
  76  6:43  Overlord x4  
  74  6:57  Roach x5  
  76  7:03  Zergling x8  
  76  7:04  Zergling x2  
  79  7:29  Ravager  
  76  7:30  Ravager  
  76  7:31  Roach x8  
  76  7:34  Queen  
  95  7:42  Overseer  
  95  7:48  Roach x5  
  95  7:49  Roach  
  107  7:57  Evolution Chamber  
  106  8:07  Ravager x4  
  106  8:09  Zergling x6  
  106  8:10  Zergling x2  
  106  8:11  Overlord x2  
  106  8:12  Overlord  
  114  8:31  Queen  
  116  8:39  Spine Crawler  
  101  9:02  Roach x5  
  112  9:03  Roach x12  
  128  9:16  Zerg Missile Weapons Level 1  
  128  9:23  Drone  
  128  9:24  Drone  
  130  9:34  Overlord x4  
  130  9:40  Extractor  
  129  9:51  Hatchery  
  128  9:56  Ravager  
  130  10:00  Zergling x22  
  140  10:07  Drone x2  
  140  10:08  Drone  
  140  10:10  Evolution Chamber  
  142  10:24  Ravager  
  142  10:25  Ravager x4  
  147  10:29  Tunneling Claws  
  147  10:35  Drone x6  
  152  10:36  Drone x3  
  154  10:56  Extractor  
  148  11:13  Zerg Missile Weapons Level 2  
  148  11:16  Zerg Ground Armor Level 1  
  148  11:18  Drone x3  
  150  11:23  Infestation Pit  
  150  11:25  Extractor  
  149  11:32  Overseer  
  149  11:37  Overseer  
  149  11:41  Spine Crawler  
  148  11:52  Queen  
  150  11:57  Spore Crawler  
  124  12:15  Roach x13  
  111  12:16  Roach x13  
  130  12:46  Roach  
  130  12:47  Roach x9  
  130  12:48  Roach x6  
  97  13:00  Roach x5  
  71  13:20  Zergling x2  
  71  13:21  Zergling x14  
  71  13:35  Ravager x3  
  71  13:36  Ravager  
  71  13:37  Zergling x2  
  71  13:38  Zergling x4  
Show
View Real Time Build Order
Export as new Build Order

zuka Protoss - Winner!

Build Orders: Nexus First 

Get SALT Encoding   

  12  0:01  Probe (Chrono Boost)  
  13  0:11  Probe (Chrono Boost)  
  14  0:17  Pylon  
  14  0:22  Probe (Chrono Boost)  
  16  0:35  Probe (Chrono Boost)  
  16  0:46  Probe (Chrono Boost)  
  17  1:00  Nexus  
  17  1:11  Forge  
  17  1:23  Gateway  
  17  1:33  Gateway  
  17  1:46  Photon Cannon  
  17  1:47  Probe (Chrono Boost)  
  18  1:58  Probe (Chrono Boost)  
  18  1:59  Assimilator  
  19  2:05  Assimilator  
  20  2:08  Probe (Chrono Boost)  
  20  2:17  Cybernetics Core  
  20  2:19  Probe (Chrono Boost)  
  21  2:27  Pylon  
  21  2:29  Probe (Chrono Boost)  
  22  2:33  Probe (Chrono Boost)  
  23  2:40  Probe (Chrono Boost)  
  25  2:44  Probe (Chrono Boost)  
  25  2:47  Zealot  
  25  2:50  Probe (Chrono Boost)  
  28  2:55  Probe (Chrono Boost)  
  29  3:01  Probe (Chrono Boost)  
  29  3:02  Stargate  
  29  3:05  Probe (Chrono Boost)  
  31  3:11  Probe (Chrono Boost)  
  32  3:14  Stalker  
  32  3:15  Probe (Chrono Boost)  
  32  3:18  Warp Gate (Chrono Boost)  
  35  3:22  Probe  
  35  3:25  Probe  
  37  3:34  Probe  
  37  3:36  Probe  
  39  3:43  Assimilator  
  39  3:46  Assimilator  
  39  3:47  Probe  
  41  3:50  Probe  
  44  3:57  Probe, Twilight Council  
  44  3:59  Robotics Facility  
  42  4:03  Probe  
  42  4:08  Probe  
  46  4:13  Adept  
  46  4:14  Protoss Ground Weapons Level 1 (Chrono Boost)  
  46  4:18  Pylon  
  46  4:20  Pylon  
  46  4:23  Gateway  
  46  4:28  Resonating Glaives (Chrono Boost)  
  46  4:35  Probe  
  46  4:36  Probe  
  48  4:40  Adept  
  50  4:45  Probe  
  50  4:49  Warp Prism  
  50  4:52  Gateway  
  54  4:55  Gateway  
  54  4:59  Gateway  
  53  5:11  Pylon  
  55  5:28  Gateway  
  53  5:30  Gateway  
  53  5:35  Gateway  
  53  5:40  Pylon x2  
  53  5:46  Stalker  
  53  5:47  Stalker  
  53  5:49  Adept  
  59  6:04  Nexus  
  59  6:17  Stalker x4  
  59  6:18  Stalker  
  59  6:42  Stalker x5  
  59  6:45  Stalker x3  
  73  6:48  Probe x2  
  65  7:05  Stalker  
  65  7:06  Stalker, Sentry x2  
  65  7:07  Zealot  
  73  7:11  Zealot x2  
  73  7:12  Zealot  
  75  7:26  Probe x2  
  77  7:31  Immortal (Chrono Boost)  
  77  7:33  Stalker  
  77  7:34  Stalker  
  85  7:38  Probe x2  
  85  7:43  Probe  
  87  7:50  Probe x2, Stalker  
  87  7:51  Stalker  
  94  7:52  Protoss Ground Weapons Level 2 (Chrono Boost)  
  94  7:53  Probe  
  95  8:02  Probe x2  
  97  8:07  Immortal (Chrono Boost), Charge  
  101  8:16  Pylon  
  101  8:19  Pylon  
  101  8:25  Assimilator  
  101  8:30  Assimilator  
  101  8:31  Mothership Core  
  101  8:33  Pylon  
  103  8:38  Stalker x2  
  95  8:56  Zealot x5  
  99  9:04  Immortal (Chrono Boost)  
  99  9:07  Photon Cannon  
  99  9:08  Stalker x2  
  99  9:09  Stalker  
  107  9:20  Sentry  
  109  9:25  Pylon  
  109  9:36  Pylon  
  109  9:38  Pylon  
  109  9:41  Probe  
  109  9:43  Probe x2  
  109  9:44  Immortal (Chrono Boost)  
  116  9:52  Probe  
  116  9:55  Probe x2  
  116  9:56  Zealot x4  
  127  10:02  Probe  
  128  10:07  Probe x2  
  128  10:09  Templar Archives  
  128  10:13  Probe  
  132  10:22  Protoss Ground Weapons Level 3 (Chrono Boost), Pylon  
  132  10:24  Pylon  
  132  10:26  Warp Prism  
  133  10:29  Pylon  
  133  10:34  Pylon  
  133  10:46  Zealot  
  133  10:47  Zealot x5  
  133  10:48  Zealot  
  143  11:03  Immortal (Chrono Boost)  
  145  11:04  Gateway  
  145  11:06  Gateway  
  145  11:08  High Templar x2  
  145  11:09  High Templar x4  
  157  11:13  Archon x3  
  157  11:14  Zealot  
  157  11:17  Pylon  
  159  11:19  Pylon  
  159  11:29  Pylon  
  160  11:40  Observer (Chrono Boost), High Templar  
  160  11:41  High Templar x2  
  160  11:42  High Templar  
  160  11:43  High Templar x2  
  160  11:44  Zealot  
  160  11:45  Archon  
  160  11:46  Archon  
  174  11:47  Archon  
  174  11:55  Pylon  
  156  12:34  Zealot x4, Nexus  
  156  12:35  Zealot x4  
  172  12:38  Assimilator  
  172  12:44  Assimilator  
  166  12:45  Pylon  
  166  12:47  Pylon  
  132  13:04  Stalker  
  132  13:05  Stalker x5  
  138  13:06  Stalker  
  138  13:07  Stalker  
  142  13:14  Observer (Chrono Boost)  
  139  13:32  High Templar x3  
  139  13:33  High Templar x4  
  139  13:34  High Templar  
  155  13:35  Zealot  
  155  13:36  Archon x2  
  155  13:37  Archon  
  155  13:38  Archon  
  143  14:03  Zealot  
  143  14:05  Zealot x2  
Tags
 
Add a new tag
Caveats
  • Supply blocks, unpowered buildings, or Contaminate may cause inaccurate times.
  • Supply counts are checked every 10 seconds.